 Dungeon Crawl Stone Soup version 0.13.0-18-g7b03ea5 (webtiles) character file.

418 Czerbonog the Slasher (level 5, -1/38 HPs)
             Began as a Demonspawn Skald on Oct 22, 2013.
             Killed by divine providence
             ... invoked by an orc priest
              (12 damage)
             ... on Level 4 of the Dungeon.
             The game lasted 00:11:09 (3330 turns).

Czerbonog the Slasher (Demonspawn Skald)            Turns: 3330, Time: 00:11:09

HP  -1/38        AC  5     Str 12      XL: 5   Next: 76%
MP   0/9         EV  9     Int 13      God:
Gold 183         SH  0     Dex 14      Spells:  1 memorised,  7 levels left

Res.Fire  : . . .   See Invis. : .   a - +1,+2 falchion
Res.Cold  : . . .   Warding    : +   l - +0 ring mail
Life Prot.: + . .   Conserve   : .   (no shield)
Res.Poison: .       Res.Corr.  : .   (no helmet)
Res.Elec. : .       Clarity    : .   (no cloak)
Sust.Abil.: . .     Spirit.Shd : +   (no gloves)
Res.Mut.  : .       Stasis     : .   (no boots)
Res.Rott. : .       Flight     : .   n - amulet of warding
Saprovore : . . .                    (no ring)
                                     (no ring)

@: slightly resistant to hostile enchantments, very unstealthy
A: claws 2, demonic guardian 1, magic shield
a: no special abilities


You were on level 4 of the Dungeon.
You were not hungry.

You visited 1 branch of the dungeon, and saw 4 of its levels.

You collected 163 gold pieces.

Inventory:

Hand weapons
 a - a +1,+2 falchion (weapon)
 h - a +0,+4 orcish war axe
Armour
 b - a +0 leather armour
 l - a +0 ring mail (worn)
 A - a +0 robe
Magical devices
 y - a wand of confusion (1)
Comestibles
 d - 2 bread rations
 f - a beef jerky
 g - 2 apples
 j - a pear
 k - 2 chunks of orc flesh
 m - 2 chunks of goblin flesh
 o - 3 meat rations
 w - a choko
Scrolls
 e - a scroll of blinking
 i - a scroll of teleportation
 p - 2 scrolls of identify
 q - a scroll of remove curse {unknown}
Jewellery
 n - an amulet of warding (around neck)
Potions
 v - a potion of resistance
Books
 c - a book of Battle

   Spells                             Type                      Level
   *Infusion                          Charms                       1
   Shroud of Golubria                 Charms/Translocation         2
   Song of Slaying                    Charms                       2
   Spectral Weapon                    Hexes/Charms                 3
   Regeneration                       Charms/Necromancy            3
   Song of Shielding                  Charms                       4
 t - a Grand Grimoire {highlevel}

   This book is beyond your current level of understanding.

   Spells                             Type                      Level
   Demonic Horde                      Summoning                    6
   Mass Abjuration                    Summoning                    6
   Haunt                              Necromancy/Summoning         7
   Summon Greater Demon               Summoning                    7
   Malign Gateway                     Summoning/Translocation      7
   Summon Horrible Things             Summoning                    8


   Skills:
 - Level 2.0 Fighting
 + Level 5.5 Long Blades
 - Level 0.8 Armour
 - Level 0.8 Dodging
 - Level 2.0 Spellcasting
 - Level 2.6 Charms


You had 7 spell levels left.
You knew the following spells:

 Your Spells              Type           Power        Failure   Level  Hunger
a - Infusion              Chrm           #.....       14%         1    ##.....


Dungeon Overview and Level Annotations

Branches:
Dungeon (4/27)
 Temple: D:4-7

Altars:
Fedhas
Kikubaaqudgha
Trog


Innate Abilities, Weirdness & Mutations

You have very sharp fingernails.
A weak demonic guardian rushes to your aid.
When hurt, damage is shared between your health and your magic reserves.


Message History

Something smites you!
* * * LOW HITPOINT WARNING * * *
Drink which item? (? for menu, Esc to quit)
You feel better. The orc hits you with an orcish whip.
You hit the orc priest.
The orc priest is moderately wounded.
The orc priest unwields an uncursed orcish hand axe.
The orc priest drops an uncursed orcish hand axe.
The orc priest picks up an orcish flail.
The orc priest wields an orcish flail.
The orc hits you with an orcish whip.
* * * LOW HITPOINT WARNING * * *
You hit the orc priest.
The orc priest is moderately wounded.
The orc priest picks up an uncursed orcish hand axe.
The orc hits you but does no damage.
You hit the orc priest.
The orc priest is moderately wounded.
The orc priest calls down the wrath of Beogh upon you.
Something smites you!
You die...

..####+###.## #.....
..##........# #......
..##........###.....#.
..++...................
..##........###.........
..##........###....>.....
..##........'.'..........
..# ........###.5.>......
..# ........# ##@o..####
..# ........# ##o#.# ###
######## #.# # #.# #.#
).. .#. #.... #.#.#


You could see an orc priest, an orc and a friendly iron imp.

Vanquished Creatures
  3 orc wizards
  Jessica (D:3)
  2 giant mites (D:3)
  4 adders
  A worm (D:2)
  An adder skeleton (D:4)
  2 giant geckos
  An ooze (D:1)
  5 orcs
  9 bats
  8 hobgoblins
  4 quokkas
  2 ball pythons
  5 giant cockroaches
  6 giant newts
  8 goblins
  7 jackals
  7 kobolds
  7 rats
83 creatures vanquished.

Vanquished Creatures (collateral kills)
  An orc (D:4)
1 creature vanquished.

Vanquished Creatures (others)
  An iron imp (D:4)
  A lemure (D:3)
  An ufetubus (D:4)
3 creatures vanquished.

Grand Total: 87 creatures vanquished

Notes
Turn   | Place    | Note
--------------------------------------------------------------
     0 | D:1      | Czerbonog, the Demonspawn Skald, began the quest for the Orb.
     0 | D:1      | Reached XP level 1. HP: 15/15 MP: 3/3
   403 | D:1      | Gained mutation: You have sharp fingernails. [demonic ancestry]
   403 | D:1      | Reached XP level 2. HP: 21/21 MP: 5/5
   724 | D:1      | Reached skill level 3 in Long Blades
   987 | D:1      | Gained mutation: When hurt, damage is shared between your health and your magic reserves. [demonic ancestry]
   987 | D:1      | Reached XP level 3. HP: 23/26 MP: 6/6
  1460 | D:2      | Found a bloodstained altar of Trog.
  1460 | D:2      | Found a blossoming altar of Fedhas.
  1462 | D:2      | Found an ancient bone altar of Kikubaaqudgha.
  1505 | D:2      | Gained mutation: A weak demonic guardian rushes to your aid. [demonic ancestry]
  1505 | D:2      | Reached XP level 4. HP: 25/33 MP: 2/8
  1651 | D:2      | Reached skill level 4 in Long Blades
  2461 | D:3      | Gained mutation: You have very sharp fingernails. [demonic ancestry]
  2461 | D:3      | Reached XP level 5. HP: 27/38 MP: 3/9
  2660 | D:3      | Noticed Jessica
  2687 | D:3      | Killed Jessica
  2687 | D:3      | Reached skill level 5 in Long Blades
  3330 | D:4      | Killed from afar by an orc priest

Action                   |  1- 3 |  4- 6 || total
-------------------------+-------+-------++-------
Melee: Falchion          |   159 |   170 ||   329
 Cast: Infusion          |     2 |     3 ||     5
  Use: Scroll            |     4 |     7 ||    11
       Potion            |       |     6 ||     6
